 Dungeon Crawl Stone Soup version 0.17-a0-1793-gcbb3aa1 (webtiles) character file.

525 ololoev the Conjurer (level 7, 43/50 HPs)
             Began as a Grey Draconian Conjurer on Sept 9, 2015.
             Quit the game on level 1 of the Abyss.
             The game lasted 00:11:22 (2930 turns).

ololoev the Conjurer (Grey Draconian Conjurer)      Turns: 2930, Time: 00:11:22

Health: 43/50      AC: 13    Str: 11    XL:     7   Next: 2%
Magic:  1/13       EV: 12    Int: 17    God:
Gold:   84         SH:  0    Dex: 11    Spells: 4 memorised, 2 levels left

rFire  . . .     SeeInvis .     a - +5 spear
rCold  . . .     Clarity  .     (armour unavailable)
rNeg   . . .     SustAt   .     (no shield)
rPois  .         Gourm    .     (helmet restricted)
rElec  .         Spirit   .     j - +0 cloak
rCorr  .         Warding  .     (no gloves)
rMut   .         Stasis   .     g - +0 pair of boots
MR     .....                    (no amulet)
Stlth  ++........               (no ring)
                                (no ring)

@: not resistant to hostile enchantments, unstealthy
A: walk through water, unfitting armour, unbreathing, cold-blooded, AC +11
a: no special abilities


Innate Abilities, Weirdness & Mutations

You can walk through water.
Your dull iron-grey scales are very hard (AC +11).
Your body does not fit into most forms of armour.
You can survive without breathing.
You are cold-blooded and may be slowed by cold attacks.

Inventory:

Hand weapons
 a - a +5 spear (weapon)
Armour
 g - a +0 pair of boots (worn)
 j - a +0 cloak (worn)
Magical staves
 b - an uncursed staff of wizardry
Scrolls
 d - 2 scrolls of remove curse {unknown}
 h - a scroll of blinking {unknown}
 l - a scroll of recharging {unknown}
 m - a scroll of fog {unknown}
 o - a scroll of identify {unknown}
 u - a scroll of teleportation {unknown}
Potions
 c - a potion of ambrosia {unknown}
 e - a potion of might {unknown}
 k - a potion of resistance {unknown}
 r - a potion of flight {unknown}
 t - a potion of brilliance {unknown}
Books
 i - a book of Conjurations

   Spells                             Type                      Level
   a - Magic Dart                     Conjuration                  1
   b - Searing Ray                    Conjuration                  2
   c - Dazzling Spray                 Conjuration/Hexes            3
   d - Fulminant Prism                Conjuration/Hexes            4
   e - Iskenderun's Mystic Blast      Conjuration                  4
   f - Iskenderun's Battlesphere      Conjuration/Charms           5
Comestibles
 f - a beef jerky
 n - a chunk of flesh
 p - 4 fruits
 q - 2 meat rations
 s - a bread ration


   Skills:
 - Level 1.7 Dodging
 - Level 1.7 Stealth
 + Level 4.0 Spellcasting
 * Level 7.0 Conjurations
 * Level 2.1 Charms


You had 2 spell levels left.
You knew the following spells:

 Your Spells              Type           Power        Failure   Level  Hunger
a - Magic Dart            Conj           ####         1%          1    None
b - Searing Ray           Conj           ####..       1%          2    ##.....
c - Iskenderun's Mystic   Conj           ####....     10%         4    ####...
d - Iskenderun's Battles  Conj/Chrm      ###.....     71%         5    ######.


You were on level 1 of the Abyss.
You were not hungry.

You visited 1 branch of the dungeon, and saw 4 of its levels.
You visited the Abyss 1 time.

You collected 84 gold pieces.

...#...#
.......
......
....#
...#
#..#
#$.# #@#
#.# #.#
#.. #.#
... .#.
. .

Notes
Turn   | Place    | Note
--------------------------------------------------------------
     0 | D:1      | ololoev the Draconian Conjurer began the quest for the Orb.
     0 | D:1      | Reached XP level 1. HP: 14/14 MP: 3/3
   266 | D:1      | Reached XP level 2. HP: 20/20 MP: 5/5
   270 | D:1      | Learned a level 2 spell: Searing Ray
   705 | D:2      | Found an iron altar of Okawaru.
   713 | D:2      | Found a shattered altar of Ashenzari.
   715 | D:2      | Found a white marble altar of Elyvilon.
   717 | D:2      | Found an opulent altar of Gozag.
   718 | D:2      | Found a sparkling altar of Nemelex Xobeh.
   940 | D:2      | Reached XP level 3. HP: 26/26 MP: 6/6
  1250 | D:2      | Reached skill level 5 in Conjurations
  1408 | D:2      | Found a stormy altar of Qazlal.
  1581 | D:3      | Reached XP level 4. HP: 33/33 MP: 5/8
  1850 | D:3      | Reached XP level 5. HP: 36/38 MP: 3/9
  2114 | D:3      | Noticed Crazy Yiuf
  2121 | D:3      | Learned a level 4 spell: Iskenderun's Mystic Blast
  2135 | D:3      | Killed Crazy Yiuf
  2135 | D:3      | Reached skill level 6 in Conjurations
  2184 | D:3      | Noticed an ogre
  2190 | D:3      | Killed an ogre
  2190 | D:3      | Reached XP level 6. HP: 42/45 MP: 2/11
  2207 | D:3      | Learned a level 5 spell: Iskenderun's Battlesphere
  2539 | D:4      | Found a deep blue altar of Sif Muna.
  2556 | D:4      | Reached skill level 1 in Charms
  2919 | D:4      | Reached skill level 7 in Conjurations
  2928 | D:4      | Your scales start taking on a dull iron-grey colour.
  2928 | D:4      | Gained mutation: You can survive without breathing. [Grey Draconian growth]
  2928 | D:4      | Reached XP level 7. HP: 42/50 MP: 1/13
  2929 | D:4      | Cast into the Abyss (orc)
  2930 | Abyss:1  | Quit the game

Dungeon Overview and Level Annotations

Branches:
Dungeon (4/15)
 Temple: D:4-7

Altars:
Ashenzari
Elyvilon
Gozag
Nemelex Xobeh
Okawaru
Qazlal
Sif Muna


Message History

Press: ? - help, Shift-Dir - straight line, f/p - orc wizard
Aim: an orc wizard, wielding a dagger and wearing a robe (almost dead, fast)
The searing ray hits the orc wizard.
You kill the orc wizard!
Your Conjurations skill increases to level 7!
Your Charms skill increases to level 2!
An orc comes into view. It is wielding a dagger of distortion.
The searing ray hits the orc.
The orc is heavily wounded.
The searing ray hits the orc.
You kill the orc!
The orc shouts!
You hit the giant frog skeleton.
The giant frog skeleton hits you but does no damage.
The giant frog skeleton misses you.
You puncture the giant frog skeleton! The giant frog skeleton hits you.
You puncture the giant frog skeleton!
The giant frog skeleton closely misses you.
You hit the giant frog skeleton.
The giant frog skeleton barely misses you.
The giant frog skeleton hits you but does no damage.
You hit the giant frog skeleton.
The giant frog skeleton barely misses you.
You hit the giant frog skeleton.
The giant frog skeleton completely misses you.
The giant frog skeleton hits you.
You puncture the giant frog skeleton!
You destroy the giant frog skeleton!
Your Spellcasting skill increases to level 4!
You have reached level 7!
Your scales start taking on a dull iron-grey colour.
You feel breathless.
You hit the orc.
The orc is almost dead.
The orc hits you but does no damage.
You are cast into the Abyss!
To return, you must find a gate leading back.
Welcome to the Abyss!
Found 28 gold pieces.
Are you sure you want to abandon this character and quit the game? (Confirm with "yes".)

There were no monsters in sight!

Vanquished Creatures
  An ogre (D:3)
  A giant frog skeleton (D:4)
  2 orc priests (D:3)
  2 hounds (D:4)
  Crazy Yiuf (D:3)
  5 orc wizards
  3 adders
  2 gnolls (D:3)
  An ooze (D:4)
  3 worms (D:2)
  9 orcs
  A giant cockroach (D:3)
  10 hobgoblins
  2 ball pythons
  7 bats
  A giant gecko (D:2)
  3 giant newts
  3 goblins (D:2)
  16 kobolds
  A quokka (D:4)
  5 rats
79 creatures vanquished.

Action                   |  1- 3 |  4- 6 |  7- 9 || total
-------------------------+-------+-------+-------++-------
Melee: Spear             |    98 |    46 |     1 ||   145
       Quarterstaff      |       |     1 |       ||     1
 Cast: Magic Dart        |    19 |    30 |       ||    49
       Searing Ray       |     3 |    12 |       ||    15
 Stab: Sleeping          |     8 |       |       ||     8
  Eat: Chunk             |     3 |     4 |       ||     7

Vault maps used:
D:1:      lemuel_arrival_room
D:2:      minitemple, grunt_qazlal_sundering
D:3:      st_stairs_12, uniq_crazy_yiuf_cottage
D:4:      led_sif_book
Abyss:1:  minivault_25
